 Dungeon Crawl Stone Soup version 0.28.0-53-g5a82cb258f (webtiles) character file.

Game seed: 11006922628760670337

669 Erymatos the Chopper (level 7, -1/64 HPs)
             Began as a Minotaur Berserker on June 8, 2022.
             Was a Believer of Trog.
             Slain by a gnoll shaman
             ... wielding a +0 club
              (2 damage)
             ... on level 5 of the Dungeon.
             The game lasted 00:03:58 (5400 turns).

Erymatos the Chopper (Minotaur Berserker)           Turns: 5400, Time: 00:03:58

Health: -1/64      AC:  7    Str: 24    XL:     7   Next: 32%
Magic:  6/6        EV:  9    Int:  4    God:    Trog [**....]
Gold:   117        SH:  6    Dex:  9    Spells: 6/6 levels left

rFire   . . .      SeeInvis .   a - +0 hand axe
rCold   . . .      Faith    .   r - +0 kite shield
rNeg    . . .      Spirit   .   q - +0 scale mail
rPois   .          Reflect  .   (helmet restricted)
rElec   .          Harm     .   h - +0 cloak
rCorr   .          Rampage  .   (no gloves)
Will    .....                   (no boots)
Stlth   ..........              (no amulet)
HPRegen 0.20/turn               (no ring)
MPRegen 0.10/turn               (no ring)

@: on berserk cooldown, slowed, very slow
A: horns 2, retaliatory headbutt
a: Renounce Religion, Berserk, Trog's Hand


You were on level 5 of the Dungeon.
You worshipped Trog.
Trog was pleased with you.
You visited 1 branch of the dungeon, and saw 5 of its levels.

You collected 117 gold pieces.

Inventory:

Hand Weapons
 a - a +0 hand axe (weapon)
Armour
 b - a +0 animal skin
 h - a +0 cloak (worn)
 q - a +0 scale mail (worn)
 r - a +0 kite shield (worn)
Jewellery
 t - a ring of protection from cold
Wands
 s - a wand of flame (16)
Scrolls
 c - a scroll of blinking {unknown}
 d - 5 scrolls of teleportation {unknown}
 g - a scroll of fog {unknown}
 k - a scroll of magic mapping {unknown}
 l - 4 scrolls of summoning {unknown}
 m - 4 scrolls of fear {unknown}
 o - 2 scrolls of enchant weapon {unknown}
 p - 4 scrolls of identify {unknown}
Potions
 e - 2 potions of attraction {unknown}
 f - 2 potions of curing {unknown}
 i - a potion of degeneration {unknown}
 j - 2 potions of mutation {unknown}
 n - a potion of magic {unknown}


   Skills:
 + Level 6.3 Fighting
 + Level 7.6 Axes
 + Level 2.7 Armour
 + Level 3.8 Dodging
 + Level 1.5 Stealth
 + Level 0.2 Shields


You had 6 spell levels left.
You didn't know any spells.
Your spell library was empty.

Dungeon Overview and Level Annotations

Branches:
Dungeon (5/15)             Temple (0/1) D:5

Altars:
Dithmenos


Innate Abilities, Weirdness & Mutations

You have a pair of horns on your head.
You reflexively headbutt those who attack you in melee.


Message History

You are too injured to fight recklessly!
You are too injured to fight recklessly!
A red film seems to cover your vision as you go berserk!
You feel yourself moving faster!
You feel mighty! The gnoll barely misses you. You furiously retaliate!
You headbutt the gnoll.
A gnoll comes into view. It is wielding a +0 flail.
The gnoll hits you but does no damage.
You struggle against the net.
You feel a strong urge to attack something.
The gnoll hits you with a +0 flail!
Unknown command.
You tear a large gash into the net.
The gnoll hits you with a +0 flail.
Unknown command.
You rip the net and break free!
You feel your anger nearly subside.
Unknown command.
You slash the gnoll!
You kill the gnoll!
Trog accepts your kill.
You are no longer berserk.
You are exhausted.
You feel yourself slow down.
The gnoll shaman calls upon its god to speed up the gnoll.
The gnoll seems to speed up.
The gnoll hits you from afar with a +0 spear.
A gnoll comes into view. It is wielding a +0 flail.
The gnoll shouts!
The gnoll hits you from afar with a +0 spear.
* * * LOW HITPOINT WARNING * * *
The gnoll shaman hits you with a +0 club.
* * * LOW HITPOINT WARNING * * *
The gnoll hits you from afar with a +0 spear.
* * * LOW HITPOINT WARNING * * *
Unknown command.
The gnoll hits you with a +0 spear.
* * * LOW HITPOINT WARNING * * *
You block the gnoll's attack. The gnoll hits you but does no damage.
The gnoll closely misses you.
The gnoll shaman hits you with a +0 club.
You die...

........
...... #.....
#..... #....#
#...g# #.gg#
#g@## ##g.##
##..## .
##..## .#.
##..## #.. #
##..####.##..
##..>......
#.<....#. .#
##....#.. ..


You could see a gnoll shaman and 4 gnolls.

Vanquished Creatures
  A water moccasin (D:5)
  A scorpion (D:4)
  A wyvern zombie (D:5)
  2 water moccasin skeletons
  A hound (D:4)
  An orc priest (D:4)
  2 orc wizards (D:4)
  Terence (D:2)
  Natasha (thrice) (D:2)
  A hound skeleton (D:4)
  A gnoll (D:5)
  An adder (D:4)
  A howler monkey skeleton (D:5)
  2 worms (D:2)
  A dart slug (D:4)
  8 orcs
  7 bats
  5 endoplasms
  4 giant cockroaches
  9 goblins
  8 hobgoblins
  3 jackals
  4 kobolds
  3 quokkas
  16 frilled lizards
  5 rats
92 creatures vanquished.

Vanquished Creatures (others)
  9 plants (D:1)
9 creatures vanquished.

Grand Total: 101 creatures vanquished

Notes
Turn   | Place    | Note
-------+----------+-------------------------------------------
     0 | D:1      | Erymatos the Minotaur Berserker began the quest for the
                  | Orb.
     0 | D:1      | Reached XP level 1. HP: 19/19 MP: 0/0
    34 | D:1      | HP: 1/20 [rat (1)]
   379 | D:1      | Reached skill level 4 in Axes
   386 | D:1      | Reached XP level 2. HP: 7/27 MP: 1/1
  1027 | D:1      | Reached XP level 3. HP: 33/33 MP: 2/2
  1071 | D:1      | Reached ** piety under Trog
  1407 | D:2      | HP: 1/49 [worm (10)]
  1859 | D:2      | Noticed Natasha
  1867 | D:2      | Killed Natasha
  2003 | D:2      | Reached XP level 4. HP: 41/41 MP: 3/3
  2004 | D:2      | Found a shadowy altar of Dithmenos.
  2018 | D:2      | Reached skill level 5 in Axes
  2210 | D:2      | Noticed Terence
  2220 | D:2      | Killed Terence
  2567 | D:2      | Noticed Natasha
  2575 | D:2      | Killed Natasha
  2999 | D:2      | Noticed Natasha
  3003 | D:2      | Killed Natasha
  3004 | D:2      | Reached skill level 5 in Fighting
  3004 | D:2      | Reached XP level 5. HP: 48/48 MP: 4/4
  4047 | D:4      | Reached skill level 6 in Axes
  4174 | D:4      | Reached XP level 6. HP: 51/56 MP: 5/5
  4178 | D:4      | Reached skill level 1 in Stealth
  5022 | D:5      | Entered Level 5 of the Dungeon
  5044 | D:5      | Found a staircase to the Ecumenical Temple.
  5054 | D:5      | Noticed a water moccasin
  5061 | D:5      | Killed a water moccasin
  5062 | D:5      | Reached skill level 7 in Axes
  5062 | D:5      | Reached XP level 7. HP: 63/63 MP: 6/6
  5400 | D:5      | HP: 1/64 [gnoll/+0 spear (6)]
  5400 | D:5      | Slain by a gnoll shaman

Illustrated notes

Levels and vault maps discovered:
D:1:      scummos_arrival_gate, layout_loops_cross, hangedman_decor_push,
          minmay_lizard_king
D:2:      layout_basic, basic_altar, dk_noncrumbling_4,
          chequers_serial_rivers_small_a, roderic_lattice_a,
          grunt_decor_resistance, minmay_split_cup_large, uniq_terence,
          uniq_natasha
D:3:      layout_basic, kennysheep_generic_room_11
D:4:      layout_cave_pods, kennysheep_generic_room_12
D:5:      nicolae_cairo_tiling_large_dashed, layout_layer_cave

Skill      XL: |  1  2  3  4  5  6 |
---------------+-------------------+-----
Axes           | 4 5 6 7 |  7.6
Fighting       | 4 5 6 |  6.3
Dodging        | 3 |  3.8
Stealth        | 1 |  1.5
Armour         | |  2.7
Shields        | |  0.2

Action                   |  1- 3 |  4- 6 |  7- 9 || total
-------------------------+-------+-------+-------++-------
Melee: Hand axe          |    70 |   138 |    16 ||   224
       Headbutt          |     9 |    19 |     1 ||    29
       Punch             |       |     2 |       ||     2
Invok: Berserk           |     2 |     5 |     2 ||     9
 Stab: Sleeping          |       |     1 |       ||     1
Armor: Animal skin       |    10 |    22 |       ||    32
       Scale mail        |       |     6 |    10 ||    16
Dodge: Dodged            |    50 |    77 |     8 ||   135
Block: Kite shield       |       |     4 |     6 ||    10
